 Dungeon Crawl Stone Soup version 0.18.1-6-gd335043 (webtiles) character file.

37155 kae the Impaler (level 13, -1/130 HPs)
             Began as a Naga Fighter on May 16, 2016.
             Was the Champion of Cheibriados.
             Slain by a seven-headed hydra (2 damage)
             ... on level 7 of the Lair of Beasts.
             The game lasted 00:37:00 (18461 turns).

kae the Impaler (Naga Fighter)                     Turns: 18461, Time: 00:37:01

Health: -1/130     AC: 19    Str: 34    XL:     13   Next: 94%
Magic:  21/21      EV:  1    Int: 23    God:    Cheibriados [******]
Gold:   713        SH:  0    Dex: 37    Spells: 0 memorised, 12 levels left

rFire  . . .     SeeInvis +     b - +6 spear (flame)
rCold  . . .     Gourm    .     d - +1 scale mail
rNeg   + + +     Faith    .     c - +1 shield
rPois  ∞         Spirit   .     Q - +2 hat
rElec  .         Dismiss  .     L - +2 cloak
rCorr  .         Reflect  .     t - +2 pair of gloves
SustAt .         Harm     .     (no barding)
MR     +....                    (no amulet)
Stlth  ++........               e - +3 ring of dexterity
                                h - +3 ring of dexterity

@: petrified, very slow, somewhat resistant to hostile enchantments, unstealthy
A: see invisible, deformed body, poison resistance, slowness 2, slow metabolism
1, spit poison 2, constrict 1, AC +4
a: Spit Poison, Bend Time, Temporal Distortion, Slouch, Step From Time, Renounce
Religion


You were on level 7 of the Lair of Beasts.
You worshipped Cheibriados.
Cheibriados was exalted by your worship.
You were not hungry.

You visited 2 branches of the dungeon, and saw 19 of its levels.

You collected 1012 gold pieces.
You spent 299 gold pieces at shops.

Inventory:

Hand Weapons
 a - a +0 trident of flaming
 b - a +6 spear of flaming (weapon)
Armour
 c - a +1 shield (worn)
 d - a +1 scale mail (worn)
 t - a +2 pair of gloves (worn)
 L - a +2 cloak (worn)
 Q - a +2 hat (worn)
Jewellery
 e - a +3 ring of dexterity (right hand)
 h - a +3 ring of dexterity (left hand)
 p - an uncursed ring of ice
 q - an uncursed ring of stealth
 z - an uncursed ring of resist corrosion
 H - an uncursed ring of flight
 M - an uncursed amulet of dismissal
 S - a +2 ring of strength
Wands
 k - a wand of polymorph (12/24)
 v - a wand of iceblast (12/15)
 C - a wand of acid (5/15)
 O - a wand of teleportation (3/9)
 U - a wand of lightning (7/15)
 V - a wand of lightning (11/15)
Scrolls
 j - 3 scrolls of amnesia
 n - 2 scrolls of recharging
 r - 3 scrolls of identify
 s - 5 scrolls of magic mapping
 w - 5 scrolls of fear
 y - 4 scrolls of blinking
 F - 2 scrolls of torment
 I - a scroll of fog
 J - a scroll of teleportation
Potions
 g - 2 potions of cure mutation
 i - a potion of might
 m - 3 potions of brilliance
 o - 6 potions of curing
 A - 5 potions of flight
 D - 2 potions of heal wounds
 E - 2 potions of lignification
 G - a potion of ambrosia {unknown}
 X - 2 potions of agility
 Y - a potion of beneficial mutation {unknown}
 Z - 2 potions of magic {unknown}
Books
 l - a book of Death

   Spells                             Type                      Level
   a - Corpse Rot                     Necromancy                   2
   b - Sublimation of Blood           Necromancy                   2
   c - Agony                          Necromancy                   5
   d - Dispel Undead                  Necromancy                   5
   e - Excruciating Wounds            Charms/Necromancy            5
   f - Bolt of Draining               Conjuration/Necromancy       5
 P - a book of the Earth

   Spells                             Type                      Level
   a - Leda's Liquefaction            Hexes/Earth                  4
   b - Bolt of Magma                  Conjuration/Fire/Earth       5
   c - Statue Form                    Transmutation/Earth          6
   d - Iron Shot                      Conjuration/Earth            6
   e - Shatter                        Earth                        9
 W - a book of Misfortune

   Spells                             Type                      Level
   a - Confusing Touch                Hexes                        2
   b - Confuse                        Hexes                        3
   c - Gell's Gravitas                Hexes/Translocation          3
   d - Petrify                        Transmutation/Earth          4
   e - Metabolic Englaciation         Hexes/Ice                    5
   f - Yara's Violent Unravelling     Hexes/Transmutation          5
Comestibles
 f - 13 bread rations
 u - 7 meat rations
 x - 2 beef jerkies
 B - a slice of pizza
 R - 5 royal jellies
 T - 15 fruits


   Skills:
 * Level 12.4 Fighting
 - Level 15.0 Polearms
 + Level 7.5 Armour
 - Level 2.4 Shields
 - Level 11.0 Invocations


You had 12 spell levels left.
You didn't know any spells.

Dungeon Overview and Level Annotations

Branches:
Dungeon (12/15)            Temple (0/1) D:5            Lair (7/8) D:10
 Shoals (0/4) Lair:6       Spider (0/4) Lair:3        Slime (0/6) Lair:6
    Orc (0/2) D:11

Altars:
Cheibriados
Dithmenos
Fedhas
Kikubaaqudgha
Nemelex Xobeh
Okawaru
Ru
Vehumet
Yredelemnul
Zin

Shops:
D:10 !

Annotations:
D:7 1 exclusion, Blork the orc
D:10 Nergalle


Innate Abilities, Weirdness & Mutations

You cannot wear boots.
Your serpentine skin is tough (AC +4).
You have supernaturally acute eyesight.
Armour fits poorly on your strangely shaped body.
Your system is resistant to poisons.
You cover ground very slowly.
You have a slow metabolism.
You can spit poison.
You can use your snake-like lower body to constrict enemies.


Message History

* * * LOW HITPOINT WARNING * * *
The seven-headed hydra completely misses you.
The seven-headed hydra bites you but does no damage. x2
The wolf bites the fungus!
The basilisk bites you but does no damage.
The wolf bites you but does no damage. The seven-headed hydra bites you.
* * * LOW HITPOINT WARNING * * *
The seven-headed hydra bites you.
* * * LOW HITPOINT WARNING * * *
The seven-headed hydra bites you but does no damage. x4
The seven-headed hydra bites you.
* * * LOW HITPOINT WARNING * * *
The wolf bites the fungus.
The basilisk bites you.
* * * LOW HITPOINT WARNING * * *
The wolf bites the fungus.
The seven-headed hydra bites you but does no damage.
The seven-headed hydra bites you!
* * * LOW HITPOINT WARNING * * *
The seven-headed hydra bites you.
You die...

......##..# P#.....#..#
..........##
....#.#.#..###
..†######[...##
#..#######P.PP##
.......###.P...####
...........##..h#.#
≈P............hD@##
≈......).....†hl.P#
....≈...#.≈≈..hPPP#
#≈..#≈.≈≈≈≈≈.#..P..#
#≈..≈≈..≈≈≈≈.#........
..#≈≈≈≈..#≈≈.≈.......P.
.≈≈≈≈≈#≈≈≈≈≈..≈...)....
.≈≈≈##≈≈≈≈≈≈..........P
≈≈≈≈≈≈≈≈.≈≈≈≈≈.[.......


You could see a seven-headed hydra, a basilisk and 4 wolves.

Vanquished Creatures
  3 hydras
  The ghost of Canard the Cruncher, a novice MiMo of Okawaru (D:10)
  2 unseen horrors (D:10)
  A hill giant (D:11)
  A griffon (Lair:4)
  2 ugly things (D:11)
  The ghost of no0bjke the Ducker, a novice GrBe of Trog (D:6)
  13 elephants
  3 black mambas
  A rime drake (Lair:3)
  10 spiny frogs
  4 komodo dragons
  3 merfolk (Lair:6)
  A two-headed ogre (D:9)
  Prince Ribbit (D:7)
  A boulder beetle (Lair:6)
  11 blink frogs
  Sigmund (D:4)
  4 wyverns
  Eustachio (D:5)
  33 yaks
  3 basilisks (Lair:3)
  A steam dragon (Lair:2)
  A vampire mosquito (Lair:7)
  3 hungry ghosts
  2 wargs (D:11)
  11 water moccasins
  A soldier ant (D:10)
  Duvessa (D:6)
  9 porcupines
  A hell hound (D:10)
  2 orc warriors
  3 sky beasts
  A black bear (D:11)
  5 ice beasts
  A wasp (Lair:3)
  3 swamp drakes (Lair:7)
  2 necrophages (D:7)
  A phantom (D:5)
  5 ogres
  16 wolves
  6 centaurs
  A big kobold (D:8)
  8 crocodiles
  14 giant frogs
  Dowan (D:6)
  4 scorpions
  19 killer bees
  9 jellies
  2 spriggan skeletons (D:10)
  4 howler monkeys
  8 crimson imps
  A giant frog zombie (D:7)
  A centaur zombie (D:5)
  A wasp zombie (D:11)
  4 hounds
  4 orc priests
  4 centaur skeletons
  8 orc wizards
  A giant frog skeleton (D:7)
  8 iguanas
  7 worker ants
  6 sheep (Lair:5)
  A killer bee zombie (D:8)
  A hound zombie (D:8)
  A hound skeleton (D:7)
  38 river rats
  8 adders
  4 gnolls (D:3)
  5 shadow imps
  5 oozes
  2 adder skeletons
  2 worms
  2 dart slugs (D:1)
  10 giant geckos
  36 orcs
  2 ball pythons (D:2)
  5 bats
  5 giant cockroaches
  7 goblins
  10 hobgoblins
  10 jackals
  14 kobolds
  2 quokkas (D:2)
  5 giant newts
  A jackal skeleton (D:7)
  A quokka skeleton (D:8)
  4 rats
  A plant (Lair:4)
473 creatures vanquished.

Vanquished Creatures (others)
  An orc wizard (D:5)
  A bush (D:5)
  4 fungi
  8 plants
14 creatures vanquished.

Grand Total: 487 creatures vanquished

Notes
Turn   | Place    | Note
--------------------------------------------------------------
     0 | D:1      | kae the Naga Fighter began the quest for the Orb.
     0 | D:1      | Reached XP level 1. HP: 21/21 MP: 1/1
   184 | D:1      | Reached XP level 2. HP: 27/28 MP: 2/2
   291 | D:1      | Reached skill level 3 in Polearms
   664 | D:1      | Reached XP level 3. HP: 34/34 MP: 3/3
   911 | D:2      | Reached skill level 4 in Polearms
  1165 | D:2      | Reached XP level 4. HP: 42/42 MP: 4/4
  1316 | D:2      | Found a sacrificial altar of Ru.
  1545 | D:3      | Found a snail-covered altar of Cheibriados.
  1552 | D:3      | Became a worshipper of Cheibriados the Contemplative
  1726 | D:3      | Reached skill level 5 in Polearms
  1729 | D:3      | Reached XP level 5. HP: 4/49 MP: 5/5
  2588 | D:4      | Noticed Sigmund
  2598 | D:4      | Killed Sigmund
  2598 | D:4      | Reached * piety under Cheibriados
  2598 | D:4      | Reached skill level 6 in Polearms
  2598 | D:4      | Reached XP level 6. HP: 49/56 MP: 6/6
  2763 | D:4      | Found a glowing silver altar of Zin.
  2793 | D:4      | Reached skill level 7 in Polearms
  2892 | D:4      | Reached XP level 7. HP: 62/62 MP: 0/7
  3010 | D:5      | Entered Level 5 of the Dungeon
  3131 | D:5      | Reached ** piety under Cheibriados
  3131 | D:5      | Reached skill level 1 in Invocations
  3166 | D:5      | Noticed Eustachio
  3249 | D:5      | Killed Eustachio
  3249 | D:5      | Reached skill level 8 in Polearms
  3349 | D:5      | Found a basalt altar of Yredelemnul.
  3421 | D:5      | Reached XP level 8. HP: 64/69 MP: 8/10
  3487 | D:5      | Found an iron altar of Okawaru.
  3736 | D:5      | Reached skill level 9 in Polearms
  3814 | D:5      | Found a staircase to the Ecumenical Temple.
  3985 | D:6      | Noticed no0bjke's ghost (novice GrBe)
  4021 | D:6      | Killed no0bjke's ghost
  4021 | D:6      | Reached skill level 10 in Polearms
  4021 | D:6      | Reached skill level 5 in Invocations
  4085 | D:6      | Reached XP level 9. HP: 30/75 MP: 5/12
  4878 | D:6      | Noticed Duvessa
  4878 | D:6      | Noticed Dowan
  4893 | D:6      | Killed Duvessa
  4893 | D:6      | Reached skill level 11 in Polearms
  4898 | D:6      | Killed Dowan
  5252 | D:7      | Found a blossoming altar of Fedhas.
  5334 | D:7      | Found an ancient bone altar of Kikubaaqudgha.
  5450 | D:7      | Noticed Prince Ribbit
  5540 | D:7      | Killed Prince Ribbit
  5540 | D:7      | Reached XP level 10. HP: 56/84 MP: 8/15
  5550 | D:7      | Reached skill level 12 in Polearms
  5753 | D:7      | Noticed Blork the orc
  6021 | D:8      | Found a shadowy altar of Dithmenos.
  6021 | D:8      | Found a sparkling altar of Nemelex Xobeh.
  6235 | D:8      | Reached *** piety under Cheibriados
  6713 | D:9      | Found a radiant altar of Vehumet.
  6861 | D:9      | Reached **** piety under Cheibriados
  7153 | D:9      | Reached skill level 13 in Polearms
  7402 | D:10     | Entered Level 10 of the Dungeon
  7672 | D:10     | Noticed Nergalle
  7685 | D:10     | Noticed Canard's ghost (novice MiMo)
  7986 | D:10     | Found a staircase to the Lair.
  8156 | D:10     | Noticed an unseen horror
  8164 | D:10     | Killed an unseen horror
  8229 | D:10     | Found Irokacay's Distillery.
  8244 | D:10     | Bought a potion of curing for 39 gold pieces
  8244 | D:10     | Bought a potion of heal wounds for 65 gold pieces
  8244 | D:10     | Bought a potion of lignification for 39 gold pieces
  8244 | D:10     | Bought a potion of curing for 39 gold pieces
  8244 | D:10     | Bought a potion of heal wounds for 65 gold pieces
  8244 | D:10     | Bought a potion of might for 52 gold pieces
  8269 | D:10     | Reached XP level 11. HP: 89/89 MP: 15/17
  8340 | D:10     | Noticed an unseen horror
  8401 | D:10     | Killed an unseen horror
  8624 | D:10     | Killed Canard's ghost
  8624 | D:10     | Reached skill level 14 in Polearms
  8891 | D:11     | Noticed a purple ugly thing
  8891 | D:11     | Noticed a hill giant
  9308 | D:11     | Killed a purple ugly thing
  9362 | D:11     | Killed a hill giant
  9362 | D:11     | Reached skill level 10 in Invocations
  9545 | D:11     | Found a staircase to the Orcish Mines.
 10144 | D:11     | Noticed a green ugly thing
 10157 | D:11     | Killed a green ugly thing
 10157 | D:11     | Reached skill level 15 in Polearms
 10521 | Lair:1   | Entered Level 1 of the Lair of Beasts
 10697 | Lair:1   | Reached ***** piety under Cheibriados
 10832 | Lair:1   | Reached XP level 12. HP: 79/99 MP: 20/20
 11091 | Lair:1   | Reached skill level 5 in Fighting
 12950 | Lair:3   | Found a hole to the Spider Nest.
 13774 | Lair:3   | Reached skill level 5 in Armour
 14262 | Lair:4   | Reached ****** piety under Cheibriados
 14409 | Lair:4   | Noticed a four-headed hydra
 14429 | Lair:4   | Killed a four-headed hydra
 14651 | Lair:4   | Gained mutation: You can use your snake-like lower body to constrict enemies. [Naga growth]
 14651 | Lair:4   | Reached XP level 13. HP: 89/121 MP: 13/21
 15032 | Lair:4   | Reached skill level 10 in Fighting
 17092 | Lair:6   | Found a staircase to the Slime Pits.
 17850 | Lair:6   | Found a staircase to the Shoals.
 18461 | Lair:7   | HP: 5/130 [basilisk (2)]
 18461 | Lair:7   | HP: 1/130 [seven-headed hydra (4)]
 18461 | Lair:7   | Slain by a seven-headed hydra

Skill      XL: |  1  2  3  4  5  6  7  8  9 10 11 12 13 |
---------------+----------------------------------------+-----
Polearms       | 3 4 5 6 7 8 10 11 13 15 | 15.0
Invocations    | 2 5 7 9 10 11 | 11.0
Fighting       | 4 9 12 | 12.4
Armour         | 5 7 |  7.5
Shields        | |  2.4

Action                   |  1- 3 |  4- 6 |  7- 9 | 10-12 | 13-15 || total
-------------------------+-------+-------+-------+-------+-------++-------
Melee: Trident           |   124 |   108 |   151 |       |       ||   383
       Spear             |       |       |   276 |  1186 |   389 ||  1851
       Constrict         |       |       |       |       |    54 ||    54
Invok: Bend Time         |       |     2 |    28 |    33 |    10 ||    73
       Temporal Distorti |       |       |       |     1 |     1 ||     2
       Slouch            |       |       |       |     1 |     2 ||     3
 Abil: Spit Poison       |     5 |     6 |    26 |    16 |     3 ||    56
Evoke: Wand              |       |       |       |     1 |       ||     1
  Use: Scroll            |       |     4 |    12 |    18 |     4 ||    38
       Potion            |       |     2 |     2 |     4 |       ||     8
 Stab: Invisible         |       |     2 |       |       |       ||     2
       Sleeping          |       |       |     1 |    12 |     1 ||    14
       Distracted        |       |       |       |     4 |     1 ||     5
  Eat: Chunk             |     1 |     5 |     9 |    25 |    10 ||    50
       Beef jerky        |       |       |     1 |       |       ||     1
       Bread ration      |       |       |       |     1 |       ||     1
       Pizza             |       |       |       |     1 |       ||     1
Armor: Scale mail        |    38 |    27 |   109 |   269 |   186 ||   629
Dodge: Dodged            |    18 |    23 |    43 |   123 |    76 ||   283
Block: Shield            |    36 |    38 |   109 |   380 |   199 ||   762
